 Dungeon Crawl Stone Soup version 0.20.1-1-g8b1a95d (webtiles) character file.

152 Lanoc the Shooter (level 5, -5/41 HPs)
             Began as a Centaur Arcane Marksman on Dec 16, 2017.
             Killed by divine providence
             ... invoked by an orc priest
              (13 damage)
             ... on level 3 of the Dungeon.
             The game lasted 00:07:23 (2259 turns).

Lanoc the Shooter (Centaur Arcane Marksman)         Turns: 2259, Time: 00:07:23

Health: -5/41      AC:  4    Str: 13    XL:     5   Next: 11%
Magic:  16/16      EV: 10    Int: 12    God:
Gold:   122        SH:  0    Dex: 10    Spells: 3/7 levels left

rFire    . . .     SeeInvis .   a - +1 shortbow
rCold    . . .     Gourm    .   (shield currently unavailable)
rNeg     . . .     Faith    .   e - +0 robe
rPois    .         Spirit   .   (no helmet)
rElec    .         Reflect  .   (no cloak)
rCorr    .         Harm     .   (no gloves)
MR       .....                  (no barding)
Stlth    +.........             (no amulet)
Regen    0.2/turn               t - ring of magical power
MPRegen  0.2/turn               (no ring)

@: lethally poisoned (-5 -> -42), very quick
A: hooves 3, deformed body, speed 2, tough skin 3
a: no special abilities


You were on level 3 of the Dungeon.
You were not hungry.

You visited 1 branch of the dungeon, and saw 3 of its levels.

You collected 122 gold pieces.

Inventory:

Hand Weapons
 a - a +1 shortbow (weapon)
 h - a +1 vampiric dagger
Missiles
 d - 66 arrows (quivered)
Armour
 e - a +0 robe (worn)
Jewellery
 t - a ring of magical power (left hand)
Scrolls
 q - a scroll of remove curse
Potions
 b - a potion of ambrosia
 l - a potion of agility
 o - a potion of invisibility
 p - 4 potions of lignification {unknown}
 s - 3 potions of magic {unknown}
Books
 c - a book of Debilitation

   Spells                             Type                      Level
   a - Corona                         Hexes                        1
   b - Slow                           Hexes                        2
   c - Inner Flame                    Hexes/Fire                   3
   d - Portal Projectile              Hexes/Translocation          3
   e - Cause Fear                     Hexes                        4
   f - Leda's Liquefaction            Hexes/Earth                  4
Comestibles
 f - a meat ration
 k - a bread ration
 n - 5 fruits
 r - 3 royal jellies


   Skills:
 + Level 1.9 Fighting
 * Level 4.5 Bows
 + Level 2.1 Dodging
 + Level 1.8 Spellcasting
 + Level 3.2 Hexes


You had 3 spell levels left.
You knew the following spells:

 Your Spells              Type           Power        Failure   Level  Hunger
a - Corona                Hex            #......      8%          1    ##.....
b - Inner Flame           Hex/Fire       #.......     38%         3    ####...


Dungeon Overview and Level Annotations

Branches:
Dungeon (3/15)

Altars:
Fedhas
Makhleb


Innate Abilities, Weirdness & Mutations

You have hooves in place of feet.
Armour fits poorly on your strangely shaped body.
You cover ground very quickly.
You have extremely tough skin. (AC +3)


Message History

The orc priest invokes the aid of Beogh against you.
Beogh smites you! The orc hits you with a whip of venom.
You are more poisoned.
Firing (i - inventory):
d - 67 arrows (quivered)
Press: ? - help, Shift-Dir - straight line, f/p - orc
Aim: an orc, wielding a whip of venom and wearing a leather armour You shoot an arrow.
The arrow hits the orc.
The orc is severely wounded.
* * * LOW HITPOINT WARNING * * *
You feel very sick. The orc hits you with a whip of venom.
* * * LOW HITPOINT WARNING * * *
You are more poisoned.
An orc comes into view. It is wielding a trident.
Okay, then.
* * * LOW HITPOINT WARNING * * *
You feel very sick.
The orc priest mumbles some strange prayers to Beogh against you.
Beogh smites you!
You die...

######### #.......##
###.#####.o.
...........#
###########.##.#.#.....#
(..o.oo@......# #§.#...#
##.##.#####.#..#.#.....#
# #.##....†# # #(..(.oo
..g.o.(...## .o.###....#
..g #..#.# (. #.##.# (
......#


You could see an orc priest and 2 orcs.

Vanquished Creatures
  A bullfrog (D:3)
  2 adders (D:3)
  3 dart slugs (D:2)
  A leopard gecko (D:2)
  3 orcs (D:3)
  2 bats
  3 giant cockroaches
  10 hobgoblins
  7 jackals
  4 kobolds
  2 quokkas (D:3)
  A ball python (D:1)
  5 frilled lizards
  7 goblins
  8 rats
59 creatures vanquished.

Notes
Turn   | Place    | Note
-------+----------+-------------------------------------------
     0 | D:1      | Lanoc the Centaur Arcane Marksman began the quest for the Orb.
     0 | D:1      | Reached XP level 1. HP: 16/16 MP: 2/2
   116 | D:1      | Reached XP level 2. HP: 23/23 MP: 3/3
   258 | D:1      | Reached skill level 3 in Bows
   557 | D:2      | Reached XP level 3. HP: 26/28 MP: 5/5
   912 | D:2      | Found a blossoming altar of Fedhas.
   914 | D:2      | Found a burning altar of Makhleb.
  1359 | D:3      | Noticed a bullfrog
  1395 | D:3      | Reached XP level 4. HP: 8/35 MP: 6/6
  1397 | D:3      | Killed a bullfrog
  1397 | D:3      | Reached skill level 4 in Bows
  1775 | D:3      | Learned a level 3 spell: Inner Flame
  1785 | D:3      | Reached XP level 5. HP: 41/41 MP: 7/7
  2259 | D:3      | Killed from afar by an orc priest

Skill      XL: |  1  2  3  4 |
---------------+-------------+-----
Bows           | 3 4 |  4.5
Hexes          | 3 |  3.2
Dodging        | 2 |  2.1
Fighting       | |  1.9
Spellcasting   | |  1.8

Action                   |  1- 3 |  4- 6 || total
-------------------------+-------+-------++-------
Melee: Dagger            |   145 |       ||   145
       Kick              |    26 |       ||    26
 Fire: Shortbow          |     8 |    41 ||    49
 Cast: Corona            |       |     1 ||     1
  Use: Potion            |     1 |       ||     1
       Scroll            |       |     6 ||     6
  Eat: Bread ration      |     1 |       ||     1
       Chunk             |     1 |     2 ||     3
Armor: Robe              |    39 |     7 ||    46
Dodge: Dodged            |    75 |     5 ||    80
